 Dungeon Crawl Stone Soup version 0.21-a0-349-g0c35859 (webtiles) character file.

32 Dfrag the Firebug (level 3, 9/24 HPs)
             Began as a Demonspawn Fire Elementalist on Oct 9, 2017.
             Quit the game on level 2 of the Dungeon.
             The game lasted 00:01:21 (803 turns).

Dfrag the Firebug (Demonspawn Fire Elementalist)     Turns: 803, Time: 00:01:21

Health: 9/24       AC:  2    Str:  8    XL:     3   Next: 10%
Magic:  0/6        EV: 12    Int: 17    God:
Gold:   65         SH:  0    Dex: 13    Spells: 6/7 levels left

rFire    . . .     SeeInvis .   (no weapon)
rCold    . . .     Gourm    .   (no shield)
rNeg     . . .     Faith    .   a - +0 robe
rPois    .         Spirit   .   (no helmet)
rElec    .         Reflect  .   (no cloak)
rCorr    .         Harm     .   (no gloves)
MR       .....                  (no boots)
Stlth    ++........             (no amulet)
HPRegen  0.08/turn              (no ring)
MPRegen  0.10/turn              (no ring)

@: lethally poisoned (9 -> -12), very slightly contaminated
A: talons 1, demonic guardian 1
a: no special abilities


You were on level 2 of the Dungeon.
You were not hungry.

You visited 1 branch of the dungeon, and saw 2 of its levels.

You collected 65 gold pieces.

Inventory:

Armour
 a - a +0 robe (worn)
Scrolls
 d - 2 scrolls of identify {unknown}
 g - 2 scrolls of teleportation {unknown}
 h - 2 scrolls of remove curse {unknown}
 i - a scroll of recharging {unknown}
 j - a scroll of blinking {unknown}
Potions
 e - 2 potions of heal wounds {unknown}
Books
 b - a book of Flames

   Spells                             Type                      Level
   a - Flame Tongue                   Conjuration/Fire             1
   b - Throw Flame                    Conjuration/Fire             2
   c - Conjure Flame                  Conjuration/Fire             3
   d - Inner Flame                    Hexes/Fire                   3
   e - Sticky Flame                   Conjuration/Fire             4
   f - Fireball                       Conjuration/Fire             5
Comestibles
 c - 3 bread rations
 f - 2 meat rations
 k - a chunk of flesh


   Skills:
 - Level 1.7 Dodging
 - Level 1.7 Stealth
 + Level 2.5 Spellcasting
 + Level 1.9 Conjurations
 + Level 3.1 Fire Magic


You had 6 spell levels left.
You knew the following spells:

 Your Spells              Type           Power        Failure   Level  Hunger
a - Flame Tongue          Conj/Fire      ##...        6%          1    #......


Dungeon Overview and Level Annotations

Branches:
Dungeon (2/15)

Altars:


Innate Abilities, Weirdness & Mutations

You have sharp toenails.
A weak demonic guardian rushes to your aid.


Message History

Press: ? - help, Shift-Dir - straight line, f/p - adder
Aim: an adder The flame tongue misses the adder.
You feel sick. The adder closely misses you.
Unknown command.
You hit the adder.
The adder is lightly wounded.
You feel sick. The adder bites you.
You are more poisoned.
The adder poisons you!
You barely miss the adder.
The adder is lightly wounded.
The adder bites you.
You closely miss the adder.
The adder is lightly wounded.
You feel sick. The adder bites you.
You are lethally poisoned!
The adder poisons you! The adder bites you.
You are more poisoned.
The adder poisons you!
Are you sure you want to abandon this character and quit the game? (Confirm with "yes".)

# # #.# ###.#.
#.# #.
......##.####...
###....$....r...
..............##
####..##.######
##. #....#.#
#.##......#
#..#..#.#@####
#..S..#.#.S..#
####....#<####.#
........######.#
####....†......#
#...#########
#..>. #.### #.


You could see an adder.

Vanquished Creatures
  A dart slug (D:2)
  A leopard gecko (D:2)
  5 giant cockroaches
  4 goblins (D:1)
  4 hobgoblins
  A kobold (D:1)
  2 bats (D:1)
  3 frilled lizards (D:1)
  6 rats
27 creatures vanquished.

Notes
Turn   | Place    | Note
-------+----------+-------------------------------------------
     0 | D:1      | Dfrag the Demonspawn Fire Elementalist began the quest for the Orb.
     0 | D:1      | Reached XP level 1. HP: 13/13 MP: 3/3
   115 | D:1      | Gained mutation: You have sharp toenails. [demonic ancestry]
   115 | D:1      | Reached XP level 2. HP: 9/19 MP: 0/5
   426 | D:1      | Reached skill level 3 in Fire Magic
   759 | D:2      | Gained mutation: A weak demonic guardian rushes to your aid. [demonic ancestry]
   759 | D:2      | Reached XP level 3. HP: 23/24 MP: 0/6
   803 | D:2      | Quit the game

Vault maps used:
D:1:      dpeg_arrival_connections

Skill      XL: |  1  2 |
---------------+-------+-----
Fire Magic     | 3 |  3.1
Dodging        | |  1.7
Stealth        | |  1.7
Spellcasting   | |  2.5
Conjurations   | |  1.9

Action                   || total
-------------------------++-------
Melee: Unarmed           ||    31
       Kick              ||     1
 Cast: Flame Tongue      ||    34
 Stab: Sleeping          ||     1
Armor: Robe              ||    11
Dodge: Dodged            ||    25

Table legend:
 A = Spawn XP
 B = Non-spawn XP
 C = Spawn XP percentage of total XP
 D = Spawn monster count
 E = Non-spawn monster count
 F = Spawn count percentage of total count
 G = Total turns spent on level
                    A         B        C        D         E        F      G
               +---------+---------+-------+---------+---------+-------+---------
         Total |       0 |      47 |   0.0 |       0 |      27 |   0.0 |   803
               +---------+---------+-------+---------+---------+-------+---------
           D:1 |       0 |      30 |   0.0 |       0 |      18 |   0.0 |   687
           D:2 |       0 |      17 |   0.0 |       0 |       9 |   0.0 |   116
               +---------+---------+-------+---------+---------+-------+---------
